 Dungeon Crawl Stone Soup version 0.29.0-4-gdea44cf6ec (webtiles) character file.

Game seed: 5088289685488351003

44 qw the Ruffian (level 3, -4/28 HPs)
             Began as a Ghoul Fire Elementalist on Aug 29, 2022.
             Slain by a gnoll
             ... wielding a +0 halberd
              (7 damage)
             ... on level 2 of the Dungeon.
             The game lasted 00:01:39 (2597 turns).

qw the Ruffian (Ghoul Fire Elementalist)            Turns: 2597, Time: 00:01:40

Health: -4/28      AC:  5    Str: 13    XL:     3   Next: 62%
Magic:  4/4        EV: 10    Int: 10    God:
Gold:   66         SH:  0    Dex:  9    Spells: 4/5 levels left

rFire   . . .      SeeInvis .     - Unarmed
rCold   + . .      Faith    .   (no shield)
rNeg    + + +      Spirit   .   g - +0 ring mail
rPois   inf        Reflect  .   (no helmet)
rElec   .          Harm     .   (no cloak)
rCorr   .          Rampage  .   (no gloves)
Will    .....                   (no boots)
Stlth   +.........              (no amulet)
HPRegen 0.00/turn               (no ring)
MPRegen 0.09/turn               (no ring)

@: inhibited regen
A: claws 1, cold resistance 1, negative energy resistance 3, inhibited
regeneration, torment resistance 2, devour on kill
a: no special abilities


You were on level 2 of the Dungeon.
You visited 1 branch of the dungeon, and saw 2 of its levels.

You collected 66 gold pieces.


Innate Abilities, Weirdness & Mutations

You are immune to poison.
You have sharp fingernails.
Your flesh is cold resistant. (rC+)
You are immune to negative energy. (rN+++)
You do not regenerate when monsters are visible.
You are immune to unholy pain and torment.
You thrive by killing the living.


   Skills:
 - Level 1.0 Fighting
 - Level 1.7 Dodging
 - Level 2.1 Stealth
 + Level 3.1 Unarmed Combat
 - Level 1.7 Spellcasting
 - Level 0.7 Conjurations
 - Level 2.4 Fire Magic


You had 4 spell levels left.
You knew the following spells:

 Your Spells              Type           Power      Damage    Failure   Level
a - Foxfire               Conj/Fire      16%        2x1d4     36%         1

Your spell library contained the following spells:

 Spells                   Type           Power      Damage    Failure   Level
 Scorch                   Fire           10%        2d6       36%         2
 Conjure Flame            Conj/Fire      4%         6-21      73%         3
 Inner Flame              Hex/Fire       3%         N/A       78%         3
 Flame Wave               Conj/Fire      4%         2d5       98%         4

Inventory:

Armour
 g - a +0 ring mail (worn)
Jewellery
 h - a ring of fire
Scrolls
 b - a scroll of fear {unknown}
 d - a scroll of immolation {unknown}
 f - a scroll of teleportation
Potions
 a - 2 potions of resistance {unknown}
 c - a potion of lignification {unknown}
 e - a potion of flight {unknown}

Dungeon Overview and Level Annotations

Branches:
Dungeon (2/15)

Altars:


Message History

A kobold comes into view. It is wielding a +0 short sword.
Enter note: The kobold shouts!
You scratch the kobold.
You kill the kobold!
You see here a +0 short sword.
A gnoll comes into view. It is wielding a +0 halberd.
Enter note:
2487 ||| Stepping ~*~*~tactically~*~*~ (hiding).
You start waiting.
Done waiting.
A gnoll comes into view. It is wielding a +0 whip.
The gnoll shouts! x2
A gnoll comes into view. It is wielding a +0 spear.
The gnoll barely misses you.
The gnoll shouts!
You barely miss the gnoll. The gnoll hits you with a +0 halberd.
You scratch the gnoll but do no damage. The gnoll hits you but does no damage.
The gnoll misses you.
You claw the gnoll!
The gnoll is heavily wounded.
The gnoll barely misses you. The gnoll closely misses you.
The gnoll hits you from afar with a +0 spear.
You scratch the gnoll.
The gnoll is heavily wounded.
The gnoll closely misses you. x2; The gnoll barely misses you.
You barely miss the gnoll.
The gnoll is heavily wounded.
The gnoll closely misses you. The gnoll barely misses you.
The gnoll hits you from afar with a +0 spear.
You scratch the gnoll.
The gnoll is almost dead.
The gnoll hits you with a +0 whip. The gnoll barely misses you.
The gnoll hits you from afar with a +0 spear.
You closely miss the gnoll.
The gnoll is almost dead.
The gnoll hits you from afar with a +0 spear.
The gnoll hits you with a +0 whip. The gnoll hits you with a +0 halberd!
You die...

#..# #.)# #..# #..#
#..##########
###..##.......#
#..........##.#######
#.....#.##.##g.g.....
#............@g#
#.....#.##.##.##
#.....#.##.##.#
#######........
#########. #. #. .#


You could see 3 gnolls.

Vanquished Creatures
  An adder (D:2)
  A dart slug (D:2)
  2 endoplasms (D:1)
  A giant cockroach (D:1)
  5 goblins (D:1)
  2 jackals (D:1)
  10 kobolds
  A quokka (D:1)
  4 ball pythons (D:1)
  2 bats (D:1)
  5 rats (D:1)
34 creatures vanquished.

Vanquished Creatures (others)
  A hobgoblin (D:1)
  A quokka (D:1)
  2 plants (D:1)
4 creatures vanquished.

Grand Total: 38 creatures vanquished

Notes
Turn   | Place    | Note
-------+----------+-------------------------------------------
     0 | D:1      | qw the Ghoul Fire Elementalist began the quest for the Orb.
     0 | D:1      | Reached XP level 1. HP: 14/14 MP: 2/2
     0 | D:1      | 0 ||| qw: Version: 0.1-a-90-g952f4b7
     0 | D:1      | 0 ||| qw: Game counter: 4090
     0 | D:1      | 0 ||| qw: Always use a shield: true
     0 | D:1      | 0 ||| qw: God list: Okawaru
     0 | D:1      | 0 ||| qw: Allow faded altars: false
     0 | D:1      | 0 ||| qw: Do Orc after D:15 true
     0 | D:1      | 0 ||| qw: Do second Lair branch before Depths: true
     0 | D:1      | 0 ||| qw: Lair rune preference: random
     0 | D:1      | 0 ||| qw: Plans: Normal
     0 | D:1      | 0 ||| PLANNING D:1-11
   197 | D:1      | Reached skill level 1 in Unarmed Combat
   254 | D:1      | 254 ||| Stepping ~*~*~tactically~*~*~ (stealth).
   260 | D:1      | 260 ||| Stepping ~*~*~tactically~*~*~ (outnumbered).
   448 | D:1      | Reached skill level 1 in Fighting
   448 | D:1      | Reached XP level 2. HP: 9/23 MP: 3/3
   766 | D:1      | Reached skill level 2 in Unarmed Combat
   981 | D:1      | Reached XP level 3. HP: 28/28 MP: 4/4
  1170 | D:1      | 1170 ||| Stepping ~*~*~tactically~*~*~ (stealth).
  1171 | D:1      | 1171 ||| Stepping ~*~*~tactically~*~*~ (stealth).
  1472 | D:1      | Found a faded altar of an unknown god.
  1730 | D:1      | 1730 ||| UPGRADING to +0 leather armour.
  1740 | D:1      | 1740 ||| DROPPING +0 robe.
  1741 | D:1      | 1741 ||| UPGRADING to +0 ring mail.
  1751 | D:1      | 1751 ||| DROPPING +0 leather armour.
  1752 | D:1      | 1752 ||| DROPPING +6 ring of intelligence.
  1753 | D:1      | 1753 ||| READING scroll labelled TUMPOL LEULU.
  1754 | D:1      | 1754 ||| READING scroll labelled PANYAS YCONG.
  1755 | D:1      | 1755 ||| READING scroll labelled OPLEBI QOENA.
  1760 | D:1      | 1760 ||| DROPPING potion of magic.
  2030 | D:2      | HP: 7/28 [adder (3)]
  2032 | D:2      | Reached skill level 3 in Unarmed Combat
  2262 | D:2      | 2262 ||| Stepping ~*~*~tactically~*~*~ (hiding).
  2264 | D:2      | 2264 ||| Stepping ~*~*~tactically~*~*~ (hiding).
  2265 | D:2      | 2265 ||| Stepping ~*~*~tactically~*~*~ (hiding).
  2487 | D:2      | 2487 ||| Stepping ~*~*~tactically~*~*~ (hiding).
  2597 | D:2      | HP: 7/28 [gnoll/+0 spear (6)]
  2597 | D:2      | HP: 3/28 [gnoll/+0 whip (4)]
  2597 | D:2      | Slain by a gnoll

Levels and vault maps discovered:
D:1:      minmay_arrival_statue_studded, layout_basic,
          shapermc_ecumenical_altar_ellora, serial_bayou_pond_c,
          dreamdust_mushroom_princess, minmay_misc_feat_room,
          minmay_misc_feat_chi, kennysheep_crisscross, lemuel_flame_loot_1
D:2:      layout_loops_ring

Skill      XL: |  1  2  3 |
---------------+----------+-----
Unarmed Combat | 1 2 3 |  3.1
Fighting       | 1 |  1.0
Dodging        | |  1.7
Stealth        | |  2.1
Spellcasting   | |  1.7
Conjurations   | |  0.7
Fire Magic     | |  2.4

Action                   || total
-------------------------++-------
Melee: Unarmed           ||   137
  Use: Scroll            ||     3
Armor: Robe              ||    18
       Ring mail         ||     8
Dodge: Dodged            ||    88

Table legend:
 A = Non-vault XP
 B = Vault XP
 C = Vault XP percentage of total XP
 D = Non-vault monster count
 E = Vault monster count
 F = Vault count percentage of total count
                 A         B        C        D         E       F
            +---------+---------+-------+---------+---------+-------
      Total |      64 |       0 |   0.0 |      34 |       0 |   0.0
            +---------+---------+-------+---------+---------+-------
        D:1 |      44 |       0 |   0.0 |      29 |       0 |   0.0
        D:2 |      20 |       0 |   0.0 |       5 |       0 |   0.0
            +---------+---------+-------+---------+---------+-------
